 Seeded DCSS version 0.30.1-9-gdf580d7c3d (webtiles) character file.

Game seed: 2394977854812512649 (custom seed)

2842 Psyclone the Eclecticist (level 9, -3/54 HPs)
             Began as a Deep Elf Conjurer on Oct 13, 2023.
             Was an Initiate of Gozag.
             Slain by a wyvern (4 damage)
             ... on level 9 of the Dungeon.
             The game lasted 00:17:31 (9914 turns).

Psyclone the Eclecticist (Deep Elf Conjurer)        Turns: 9914, Time: 00:17:32

Health: -3/54      AC:  7    Str:  3    XL:     9   Next: 46%
Magic:  28/31      EV: 12    Int: 38    God:    Gozag
Gold:   877        SH:  4    Dex: 12    Spells: 37/40 levels left

rFire   . . .        c - +2 dagger (elec)
rCold   . . .        (no shield)
rNeg    . . .        a - +0 robe
rPois   +            E - +0 helmet
rElec   .            (no cloak)
rCorr   .            (no gloves)
SInv    .            (no boots)
Will    .....        z - amulet of magic regeneration
Stlth   ++           k - +4 ring of protection
HPRegen 0.29/turn    F - +6 ring of intelligence
MPRegen 0.62/turn

%: no passive effects
@: no status effects
A: large bone plates 1, clever 1, poison resistance, robust 2, no potion heal 1,
sturdy frame 1
a: Renounce Religion, Potion Petition, Call Merchant, Bribe Branch


You were on level 9 of the Dungeon.
You worshipped Gozag.
Gozag was pleased with you.
You visited 2 branches of the dungeon, and saw 10 of its levels.

You collected 4275 gold pieces.
You spent 880 gold pieces at shops.
You paid 2518 gold pieces to Gozag.

Inventory:

Hand Weapons
 c - a +2 dagger of electrocution (weapon)
Armour
 a - a +0 robe (worn)
 E - a +0 helmet (worn)
Jewellery
 k - a +4 ring of protection (left hand)
 z - an amulet of magic regeneration (around neck)
 F - a +6 ring of intelligence (right hand)
Wands
 x - a wand of flame (7)
 B - a wand of paralysis (17)
Scrolls
 d - 9 scrolls of identify {unknown}
 h - a scroll of blinking {unknown}
 l - a scroll of enchant weapon {unknown}
 n - 3 scrolls of torment {unknown}
 p - 9 scrolls of teleportation {unknown}
 q - a scroll of butterflies {unknown}
 s - 2 scrolls of magic mapping {unknown}
 u - 2 scrolls of immolation {unknown}
 y - a scroll of enchant armour {unknown}
 C - a scroll of noise {unknown}
Potions
 b - a potion of magic
 e - a potion of lignification {unknown}
 f - a potion of brilliance {unknown}
 g - 3 potions of heal wounds {unknown}
 i - a potion of ambrosia {unknown}
 j - 3 potions of degeneration {unknown}
 m - a potion of cancellation {unknown}
 o - 5 potions of curing {unknown}
 r - 2 potions of attraction {unknown}
 t - a potion of resistance {unknown}
 v - 2 potions of might
 w - 3 potions of berserk rage {unknown}
 A - a potion of haste {unknown}
 D - a potion of flight {unknown}


   Skills:
 - Level 2.4 Dodging
 - Level 2.4 Stealth
 + Level 16.1 Spellcasting
 - Level 11.2 Conjurations


You had 37 spell levels left.
You knew the following spells:

 Your Spells              Type           Power      Damage    Failure   Level
a - Magic Dart            Conj           100%       1d8       0%          1
b - Searing Ray           Conj           100%       2d8       0%          2

Your spell library contained the following spells:

 Spells                   Type           Power      Damage    Failure   Level
 Ensorcelled Hibernation  Hex/Ice        60%        N/A       1%          2
 Poisonous Vapours        Pois/Air       60%        N/A       1%          2
 Dazzling Flash           Conj/Hex       100%       N/A       1%          3
 Mephitic Cloud           Conj/Pois/Air  56%        N/A       1%          3
 Fulminant Prism          Conj/Hex       32%        3d16      1%          4
 Iskenderun's Mystic Bla  Conj/Tloc      65%        2d13      1%          4
 Frozen Ramparts          Ice            60%        1d10      3%          3
 Portal Projectile        Hex/Tloc       60%        N/A       3%          3
 Spider Form              Tmut/Pois      30%        N/A       3%          3
 Tukima's Dance           Hex            30%        N/A       3%          3
 Freezing Cloud           Conj/Ice/Air   28%        6-21      6%          5
 Anguish                  Hex/Necr       15%        N/A       11%         4
 Ice Form                 Ice/Tmut       30%        N/A       11%         4
 Summon Ice Beast         Ice/Summ       30%        N/A       11%         4
 Blade Hands              Tmut           15%        N/A       30%         5


Dungeon Overview and Level Annotations

Branches:
Dungeon (9/15) Zot: 26727  Temple (1/1) D:5 Zot: 5354    Lair (0/5) D:9
    Orc (0/2) D:9

Altars:
Cheibriados
Dithmenos
Elyvilon
Gozag
Hepliaklqana
Nemelex Xobeh
Okawaru
Qazlal
Ru
Sif Muna
Trog
Xom
Yredelemnul
Zin

Shops:
D:2 !   Temple :::

Annotations:
D:6 2 transporters, exclusion: centaur


Innate Abilities, Weirdness & Mutations

You are partially covered in large bone plates. (SH +4)
Your mind is acute. (Int +4, Str/Dex -1)
Your system is resistant to poisons. (rPois)
You are very robust. (+20% HP)
Potions are less effective at restoring your health.
Your movements are slightly less encumbered by armour. (ER -2)


Message History

Things that are here:
4 gold pieces; 4 atropa-tipped darts The wyvern bites you!
A wight comes into view. It is wielding a +0 mace.
The wyvern bites you!
You take 28 damage, and have 26/54 hp.
MASSIVE DAMAGE!!
The wyvern attacks as you move away! The wyvern barely misses you.
The wyvern misses you.
Things that are here:
4 gold pieces; 4 atropa-tipped darts; MP restored: 31 The wyvern attacks as you move away!
You block the wyvern's attack. x2
Casting: Searing Ray (safe; 0% risk of failure)
Confirm with . or Enter, or press ? or * to list all spells.
Aiming: Searing Ray (safe; 0% risk of failure)
Press: ? - help, Shift-Dir - straight line, f - wyvern
Aim: a wyvern (83% to hit)
The searing ray hits the wyvern.
The wyvern is lightly wounded. (Press . to maintain the ray.)
You block the wyvern's attack.
You now have 29/31 mp.
The searing ray misses the wyvern.
The wyvern bites you!
* * * LOW HITPOINT WARNING * * *
The wyvern hisses menacingly.
The wyvern bites you but does no damage.
You take 11 damage, and have 16/54 hp.
MASSIVE DAMAGE!!
The searing ray hits the wyvern!
The wyvern is heavily wounded.
The wyvern bites you!
* * * LOW HITPOINT WARNING * * *
You take 15 damage, and have 1/54 hp.
MASSIVE DAMAGE!!
The searing ray hits the wyvern but does no damage.
The wyvern is heavily wounded.
The searing ray hits the wight.
The wight is moderately damaged.
You finish channelling your searing ray.
The wyvern bites you but does no damage.
The wyvern bites you.
You die...
Your body crumbles into a pile of gold.

$ #.........#
#.........#
#..=....# #.....#
#...# #.# ##z##
##.####### #$#
##...#....# #l#
......##.# #@#
...#.##.# #.#
#.##.##.####.#
#####.##.#.......#
............######
#####.##....#
#.####### #.#
####.#####


You could see a wyvern and a wight.

Vanquished Creatures
  Sigmund (D:2)
  A water moccasin (D:7)
  3 orc warriors
  An ice beast (D:4)
  A sky beast (D:7)
  A black bear (D:5)
  An ogre (D:5)
  A centaur (D:7)
  2 phantoms
  8 bullfrogs
  2 scorpions
  5 howler monkeys
  5 hounds
  2 jellies
  4 orc priests
  3 sleepcaps
  Crazy Yiuf (D:5)
  2 iguanas
  7 orc wizards
  3 gnolls (D:5)
  3 adders
  An ufetubus (D:6)
  3 worms (D:2)
  4 dart slugs
  49 orcs
  8 ball pythons
  6 endoplasms
  3 giant cockroaches
  14 goblins
  7 hobgoblins
  4 jackals (D:5)
  3 quokkas
  6 bats
  4 frilled lizards
  5 kobolds
  7 rats
181 creatures vanquished.

Notes
Turn   | Place    | Note
-------+----------+-------------------------------------------
     0 | D:1      | Psyclone the Deep Elf Conjurer began the quest for the Orb.
     0 | D:1      | Reached XP level 1. HP: 10/10 MP: 6/6
    21 | D:1      | Identified a scroll of acquirement
    21 | D:1      | Acquired 1272 gold pieces
   102 | D:1      | Reached XP level 2. HP: 15/15 MP: 5/8
   105 | D:1      | Learned a level 2 spell: Searing Ray
   173 | D:2      | Reached skill level 5 in Conjurations
   174 | D:2      | Found Utwiat's Distillery.
   254 | D:3      | Gained mutation: You are robust. (+10% HP) [potion of
                  | mutation]
   254 | D:3      | Gained mutation: You are very robust. (+20% HP) [potion of
                  | mutation]
   254 | D:3      | Gained mutation: You are agile. (Dex +4, Str/Int -1)
                  | [potion of mutation]
   254 | D:3      | Gained mutation: You have hidden genetic potential. [potion
                  | of mutation]
   263 | D:3      | Lost mutation: You are very robust. (+20% HP) [potion of
                  | mutation]
   263 | D:3      | Lost mutation: You are agile. (Dex +4, Str/Int -1) [potion
                  | of mutation]
   263 | D:3      | Gained mutation: Potions are less effective at restoring
                  | your health. [potion of mutation]
   263 | D:3      | Gained mutation: You have great hidden genetic potential.
                  | [potion of mutation]
   263 | D:3      | Gained mutation: You are very robust. (+20% HP) [potion of
                  | mutation]
   324 | D:3      | Acquired 1296 gold pieces
   350 | D:4      | Noticed an ice beast
   355 | D:5      | Entered Level 5 of the Dungeon
   364 | D:5      | Found a staircase to the Ecumenical Temple.
   373 | Temple   | Entered the Ecumenical Temple
   384 | Temple   | Became a worshipper of Gozag Ym Sagoz the Greedy
  1010 | D:5      | Found a glowing silver altar of Zin.
  1085 | D:5      | Reached XP level 3. HP: 22/22 MP: 0/9
  1096 | D:5      | Gained mutation: Your mind is acute. (Int +4, Str/Dex -1)
                  | [hidden potential]
  1210 | D:5      | Reached XP level 4. HP: 28/28 MP: 6/10
  1285 | D:5      | Noticed an ogre
  1289 | D:5      | Killed an ogre
  1290 | D:5      | Reached XP level 5. HP: 33/33 MP: 5/11
  1293 | D:5      | Gained mutation: Your system is resistant to poisons.
                  | (rPois) [hidden potential]
  1293 | D:5      | Lost mutation: You have great hidden genetic potential.
                  | [hidden potential expressed]
  1414 | D:5      | Noticed a phantom
  1422 | D:5      | Killed a phantom
  1423 | D:5      | Reached XP level 6. HP: 30/38 MP: 3/12
  1518 | D:5      | Gained mutation: Your movements are slightly less
                  | encumbered by armour. (ER -2) [hidden potential]
  2087 | D:5      | Reached XP level 7. HP: 43/43 MP: 8/13
  2465 | D:5      | Found a runed translucent door.
  2466 | D:5      | Noticed Crazy Yiuf
  2473 | D:5      | Killed Crazy Yiuf
  2571 | D:4      | Gained mutation: You are partially covered in large bone
                  | plates. (SH +4) [hidden potential]
  2571 | D:4      | Lost mutation: You have hidden genetic potential. [hidden
                  | potential expressed]
  2656 | D:4      | Reached skill level 10 in Conjurations
  2894 | D:4      | Found a hazy altar of Hepliaklqana.
  4085 | D:3      | Found a snail-covered altar of Cheibriados.
  4648 | D:2      | You fall into a shaft and drop 2 floors!
  5089 | D:2      | Noticed Sigmund
  5096 | D:2      | Killed Sigmund
  5097 | D:2      | Reached XP level 8. HP: 49/49 MP: 4/14
  6249 | Temple   | Bought a manual of Spellcasting for 880 gold pieces
  6311 | D:6      | Reached skill level 4 in Spellcasting
  6395 | D:6      | Found a shimmering blue altar of Sif Muna.
  6396 | D:6      | Found a sparkling altar of Nemelex Xobeh.
  6397 | D:6      | Found a white marble altar of Elyvilon.
  6403 | D:6      | Found a transporter.
  6455 | D:6      | Reached skill level 5 in Spellcasting
  6457 | D:6      | Reached skill level 6 in Spellcasting
  6502 | D:6      | Reached skill level 7 in Spellcasting
  6503 | D:6      | Reached skill level 8 in Spellcasting
  6752 | D:6      | Reached skill level 9 in Spellcasting
  6915 | D:6      | Found a bloodstained altar of Trog.
  7050 | D:6      | Found a transporter.
  7295 | D:6      | Found a sacrificial altar of Ru.
  7295 | D:6      | Found an iron altar of Okawaru.
  7431 | D:7      | Reached skill level 10 in Spellcasting
  7600 | D:7      | Reached skill level 11 in Spellcasting
  7739 | D:7      | Reached skill level 12 in Spellcasting
  8336 | D:7      | Reached skill level 13 in Spellcasting
  8336 | D:7      | Reached XP level 9. HP: 46/54 MP: 23/28
  8861 | D:8      | Found a stormy altar of Qazlal.
  9162 | D:8      | Found a basalt altar of Yredelemnul.
  9337 | D:8      | Reached skill level 14 in Spellcasting
  9350 | D:8      | Reached skill level 15 in Spellcasting
  9750 | D:9      | Found a staircase to the Orcish Mines.
  9768 | D:9      | Found a staircase to the Lair.
  9900 | D:9      | Reached skill level 16 in Spellcasting
  9913 | D:9      | HP: 1/54 [wyvern (16)]
  9914 | D:9      | Slain by a wyvern

Illustrated notes

Levels and vault maps discovered:
D:1:      saegor_arrival_simple_c, layout_rooms
D:2:      layout_basic, serial_shops, shop, uniq_sigmund
D:3:      layout_basic, marbit_many_paths, serial_curves, eino_curves_01,
          eino_curves_03
D:4:      layout_cave_pools, kennysheep_mini_moat, dk_noncrumbling_3
D:5:      layout_gridville, mainiacjoe_overflow_alcove_1,
          minmay_temple_entry_grid, grunt_decor_arrowhead,
          uniq_crazy_yiuf_cottage
D:6:      layout_basic, general_overflow_altar, gammafunk_temple_overflow_arena,
          gammafunk_temple_overflow_wave, kb_lookout_dungeons_type,
          minmay_increasing_density
D:7:      layout_basic
D:8:      layout_basic, old_standard_altar, mainiacjoe_overflow_paths
D:9:      layout_loops_corners, lightli_temple_of_fire, lair_entry_dummy,
          hiddenorc2_lemuel
Temple:   hellmonk_temple_flake

Skill      XL: |  1  2  3  4  5  6  7  8  9 |
---------------+----------------------------+-----
Conjurations   | 5 6 7 8 9 11 | 11.2
Spellcasting   | 13 16 | 16.1
Dodging        | |  2.4
Stealth        | |  2.4

Action                     |  1- 3 |  4- 6 |  7- 9 || total
---------------------------+-------+-------+-------++-------
  Melee: Dagger            |     3 |       |    41 ||    44
         Punch             |       |       |     2 ||     2
   Cast: Magic Dart        |    21 |    19 |   162 ||   202
         Searing Ray       |     3 |    14 |    53 ||    70
 Invoke: Call Merchant     |     3 |       |       ||     3
    Use: Scroll            |     2 |       |       ||     2
         Potion            |     2 |       |       ||     2
   Stab: Sleeping          |       |       |     1 ||     1
 Armour: Robe              |       |       |    25 ||    25
  Dodge: Dodged            |     1 |     2 |    82 ||    85
  Block: Other             |       |       |    23 ||    23
